Map: Blueshift LE

Players

Elazer - Winner!

  • Race: Zerg Zerg
  • Spawn Location: 1:00

Solar

  • Race: Zerg Zerg
  • League: Platinum
  • Spawn Location: 7:00

Event: HomeStory Cup XVIII

VOD

Have the link to the VOD?

Description

Time

  • Played on: Nov. 24, 2018, 12:33 p.m.
  • Length: 7:51

All games in this series

Show
View Real Time Build Order
Export as new Build Order

Elazer Zerg - Winner!

Build Orders: Hatch First 

Get SALT Encoding   

  12  0:00  Drone  
  13  0:12  Overlord  
  13  0:17  Drone  
  14  0:30  Drone x2  
  16  0:48  Hatchery  
  15  0:51  Drone  
  15  0:54  Drone  
  17  1:08  Spawning Pool  
  17  1:11  Extractor  
  15  1:13  Drone  
  15  1:16  Drone  
  17  1:20  Drone  
  18  1:29  Drone  
  19  1:39  Drone  
  20  1:49  Drone  
  21  1:59  Queen x2  
  21  2:00  Overlord  
  25  2:03  Drone  
  26  2:11  Metabolic Boost  
  26  2:13  Zergling x4  
  28  2:22  Drone x2  
  30  2:32  Drone x2  
  32  2:41  Hatchery  
  31  2:44  Zergling x2  
  31  2:49  Overlord  
  31  3:01  Drone  
  31  3:03  Drone  
  32  3:09  Zergling x16  
  40  3:17  Roach Warren  
  39  3:23  Zergling x4  
  41  3:34  Zergling x4  
  43  3:46  Overlord  
  43  3:50  Extractor x2, Queen, Overlord  
  43  3:52  Extractor, Drone  
  46  3:59  Drone x3  
  49  4:06  Zergling x8  
  52  4:12  Zergling x2  
  52  4:13  Zergling x8  
  52  4:15  Zergling x4  
  59  4:18  Zergling x4  
  59  4:31  Overlord  
  59  4:34  Drone x2  
  57  4:38  Drone x3  
  57  4:41  Evolution Chamber  
  59  4:46  Overlord  
  59  4:51  Roach x2  
  63  4:59  Roach  
  69  5:00  Roach x2  
  69  5:06  Drone x3  
  72  5:13  Zerg Missile Weapons Level 1, Overlord  
  71  5:16  Drone x4  
  71  5:19  Extractor  
  75  5:21  Drone  
  75  5:23  Extractor  
  75  5:25  Overlord  
  75  5:26  Drone  
  75  5:33  Drone x2  
  80  5:40  Roach x4  
  85  5:46  Roach x4  
  93  5:52  Overlord  
  93  5:54  Drone  
  94  5:59  Roach x2  
  94  6:00  Overlord  
  98  6:06  Overlord  
  98  6:07  Overlord  
  97  6:13  Overlord  
  97  6:15  Roach x4  
  105  6:21  Roach x2  
  105  6:24  Roach  
  105  6:25  Roach  
  113  6:26  Zergling x2  
  113  6:30  Zergling x4  
  116  6:35  Ravager  
  116  6:36  Ravager, Zergling x8  
  121  6:42  Zergling x2  
  121  6:43  Zergling x6  
  121  6:45  Ravager  
  125  6:47  Zergling x6  
  128  6:55  Zergling x10  
  117  7:10  Zergling x2  
  117  7:11  Zergling x16  
  120  7:18  Zergling x2  
  120  7:19  Zergling x8  
  111  7:23  Roach  
  102  7:30  Roach x2  
Show
View Real Time Build Order
Export as new Build Order

Solar Zerg 

Build Orders: Hatch First 

Get SALT Encoding   

  12  0:01  Drone  
  13  0:12  Overlord  
  13  0:16  Drone  
  14  0:31  Drone x2  
  16  0:47  Hatchery  
  15  0:51  Drone  
  15  0:54  Drone  
  17  0:58  Drone  
  18  1:05  Extractor  
  17  1:13  Spawning Pool  
  17  1:15  Drone  
  17  1:19  Drone  
  18  1:28  Drone  
  19  1:43  Drone  
  20  1:49  Overlord  
  20  2:00  Queen x2, Drone x2  
  26  2:07  Metabolic Boost  
  26  2:10  Zergling x2  
  26  2:12  Zergling x2  
  28  2:22  Drone x2  
  30  2:33  Hatchery  
  29  2:37  Drone  
  29  2:40  Drone  
  29  2:43  Drone  
  32  2:46  Overlord  
  32  2:59  Zergling x2  
  32  3:00  Zergling x2  
  32  3:05  Zergling x4  
  35  3:10  Zergling x12  
  41  3:18  Overlord  
  41  3:19  Zergling x2  
  41  3:27  Drone  
  41  3:28  Roach Warren  
  41  3:31  Zergling x2  
  42  3:39  Zergling x2  
  42  3:40  Zergling x4  
  42  3:41  Zergling x6  
  46  3:42  Zergling x2  
  46  3:48  Overlord  
  49  3:52  Zergling x2  
  49  3:53  Zergling x2  
  51  4:07  Drone  
  52  4:16  Queen, Overlord  
  51  4:17  Drone  
  51  4:18  Drone  
  51  4:19  Roach x3  
  51  4:23  Roach  
  63  4:27  Roach  
  63  4:30  Roach  
  66  4:35  Roach  
  66  4:40  Overlord  
  66  4:41  Drone x2  
  66  4:43  Drone  
  69  4:47  Drone x2  
  69  4:50  Drone  
  72  4:54  Overlord  
  72  4:57  Roach  
  74  5:04  Overlord  
  74  5:13  Roach  
  76  5:14  Drone x3  
  76  5:17  Evolution Chamber  
  76  5:19  Overlord  
  77  5:26  Roach  
  77  5:27  Overlord  
  79  5:30  Extractor, Drone x3  
  79  5:31  Drone x2  
  79  5:32  Drone  
  79  5:34  Drone  
  85  5:36  Drone x2  
  85  5:38  Drone  
  88  5:45  Lair  
  88  5:46  Drone x2  
  88  5:48  Drone  
  91  5:52  Drone x2  
  91  5:53  Drone  
  91  5:56  Zerg Missile Weapons Level 1  
  93  5:58  Extractor, Drone  
  93  5:59  Drone  
  93  6:01  Drone  
  93  6:03  Drone x2  
  97  6:08  Extractor  
  97  6:09  Overlord  
  96  6:14  Drone x2  
  96  6:17  Drone x2  
  99  6:19  Overlord  
  99  6:22  Roach x2  
  99  6:24  Roach x3  
  109  6:32  Overlord  
  109  6:35  Extractor  
  109  6:37  Overlord  
  108  6:40  Roach x4  
  108  6:42  Roach x2  
  108  6:43  Roach  
  121  6:47  Roach x2  
  121  6:50  Roach  
  121  6:52  Roach  
  129  6:55  Overlord  
  129  6:56  Roach  
  129  6:57  Roach  
  123  7:02  Roach x2  
  123  7:03  Roach  
  123  7:05  Roach  
  123  7:07  Roach  
  125  7:08  Roach  
  125  7:10  Roach  
  125  7:12  Roach  
  125  7:14  Roach  
  115  7:16  Roach  
  115  7:18  Roach  
  115  7:20  Roach  
  97  7:24  Roach  
  97  7:28  Roach  
Tags
 
Add a new tag
Caveats
  • Supply blocks, unpowered buildings, or Contaminate may cause inaccurate times.
  • Supply counts are checked every 10 seconds.